 Dungeon Crawl Stone Soup version 0.27.1-4-g1640c2035a (webtiles) character file.

Game seed: 1839945990644602650

35 zeram the Grave Robber (level 3, 0/24 HPs)
             Began as a Demonspawn Necromancer on Nov 12, 2021.
             Slain by a worm (11 damage)
             ... on level 2 of the Dungeon.
             The game lasted 00:03:23 (2447 turns).

zeram the Grave Robber (Demonspawn Necromancer)     Turns: 2447, Time: 00:03:23

Health: 0/24       AC:  3    Str:  8    XL:     3   Next: 17%
Magic:  1/6        EV: 12    Int: 17    God:
Gold:   39         SH:  0    Dex: 13    Spells: 2/6 levels left

rFire    . . .     SeeInvis .   c - +0 dagger
rCold    + . .     Faith    .   (no shield)
rNeg     . . .     Spirit   .   a - +0 robe
rPois    .         Reflect  .   (no helmet)
rElec    .         Harm     .   (no cloak)
rCorr    .         Rampage  .   e - +0 pair of gloves
Will     .....                  (no boots)
Stlth    ++........             (no amulet)
HPRegen  0.08/turn              i - ring of protection from cold
MPRegen  0.20/turn              (no ring)

@: no status effects
A: magic regeneration
a: no special abilities


You were on level 2 of the Dungeon.
You visited 1 branch of the dungeon, and saw 2 of its levels.

You collected 39 gold pieces.

Inventory:

Hand Weapons
 c - a +0 dagger (weapon)
Armour
 a - a +0 robe (worn)
 e - a +0 pair of gloves (worn)
Jewellery
 i - a ring of protection from cold (left hand)
Scrolls
 b - a scroll of torment
 h - 2 scrolls of amnesia {unknown}
 j - a scroll of identify
Potions
 d - a potion of mutation {unknown}
 f - a potion of curing
 g - a potion of brilliance {unknown}


   Skills:
 + Level 2.2 Dodging
 + Level 2.2 Stealth
 - Level 2.1 Spellcasting
 + Level 5.0 Necromancy


You had 2 spell levels left.
You knew the following spells:

 Your Spells              Type           Power      Damage    Failure   Level
a - Pain                  Necr           72%        1d7       2%          1
b - Vampiric Draining     Necr           9%         2d7       8%          3

Your spell library contained the following spells:

 Spells                   Type           Power      Damage    Failure   Level
 Animate Skeleton         Necr           36%        N/A       2%          1
 Animate Dead             Necr           9%         N/A       24%         4
 Agony                    Necr           18%        N/A       56%         5


Dungeon Overview and Level Annotations

Branches:
Dungeon (2/15)

Altars:
Zin


Innate Abilities, Weirdness & Mutations

You regenerate magic rapidly.


Message History

Press: ? - help, Shift-Dir - straight line, f/p - worm
Aim: a worm (lightly wounded, chance to affect: 84%)
The worm barely resists.
Casting: Pain (safe; 2% risk of failure)
Confirm with . or Enter, or press ? or * to list all spells.
Aiming: Pain (safe; 2% risk of failure)
Press: ? - help, Shift-Dir - straight line, f/p - worm
Aim: a worm (lightly wounded, chance to affect: 84%)
The worm writhes in agony.
The worm barely misses you.
Casting: Pain (safe; 2% risk of failure)
Confirm with . or Enter, or press ? or * to list all spells.
Aiming: Pain (safe; 2% risk of failure)
Press: ? - help, Shift-Dir - straight line, f/p - worm
Aim: a worm (moderately wounded, chance to affect: 84%)
The worm writhes in agony.
The worm barely misses you.
Casting: Pain (safe; 2% risk of failure)
Confirm with . or Enter, or press ? or * to list all spells.
Aiming: Pain (safe; 2% risk of failure)
Press: ? - help, Shift-Dir - straight line, f/p - worm
Aim: a worm (lightly wounded, chance to affect: 84%)
The worm writhes in agony!
Casting: Pain (safe; 2% risk of failure)
Confirm with . or Enter, or press ? or * to list all spells.
Aiming: Pain (safe; 2% risk of failure)
Press: ? - help, Shift-Dir - straight line, f/p - worm
Aim: a worm (heavily wounded, chance to affect: 84%)
The worm writhes in agony.
Casting: Pain (safe; 2% risk of failure)
Confirm with . or Enter, or press ? or * to list all spells.
You don't have enough magic to cast this spell.
Unknown command.
You hit the worm.
The worm is severely wounded.
The worm bites you!
You hit the worm.
The worm is severely wounded.
You hit the worm but do no damage.
The worm is severely wounded.
The worm bites you!
You die...

#.#.# ###.#<# #
+.#.####......
+....# #.....#
+.#..# .....#
###..####.#..# #
####.........#.#
#......##)....
#..#.#@##.#.##.##
##.....w........#
##..#.##.#.#....#
##...##.#.# ####
##....##.# ##.#.
#.# #.## ... #.#
##. #.# #


You could see a worm.

Vanquished Creatures
  2 bats (D:1)
  2 endoplasms
  8 giant cockroaches (D:1)
  2 goblins (D:1)
  3 hobgoblins (D:1)
  3 quokkas (D:1)
  3 ball pythons (D:1)
  2 frilled lizards (D:1)
  A kobold (D:1)
  4 rats (D:1)
30 creatures vanquished.

Notes
Turn   | Place    | Note
-------+----------+-------------------------------------------
     0 | D:1      | zeram the Demonspawn Necromancer began the quest for the
                  | Orb.
     0 | D:1      | Reached XP level 1. HP: 13/13 MP: 3/3
   556 | D:1      | Gained mutation: You regenerate magic rapidly. [demonic
                  | ancestry]
   556 | D:1      | Reached XP level 2. HP: 16/19 MP: 1/5
  2051 | D:1      | Found a faded altar of an unknown god.
  2055 | D:1      | Reached XP level 3. HP: 21/24 MP: 3/6
  2057 | D:1      | Reached skill level 5 in Necromancy
  2213 | D:1      | Learned a level 3 spell: Vampiric Draining
  2447 | D:2      | Slain by a worm

Illustrated notes

Levels and vault maps discovered:
D:1:      dpeg_arrival_prison, layout_rooms,
          hellmonk_ecumenical_altar_pennies_from_heaven,
          minmay_worlds_worst_comb
D:2:      kb_forest_paths, layout_basic, basic_altar, kennysheep_donut,
          chequers_garden, uniq_terence, uniq_jessica

Skill      XL: |  1  2  3 |
---------------+----------+-----
Stealth        | 2 |  2.2
Dodging        | 2 |  2.2
Necromancy     | 5 |  5.0
Spellcasting   | |  2.1

Action                   || total
-------------------------++-------
Melee: Unarmed           ||    31
       Dagger            ||    33
 Cast: Pain              ||    45
  Use: Scroll            ||     3
 Stab: Sleeping          ||     6
Armor: Robe              ||    18
Dodge: Dodged            ||    49
